 Dungeon Crawl Stone Soup version 0.31-a0-844-gdc52ec4e09 (webtiles) character file.

Game seed: 7081761295123380489

127415 Aneyh the Slayer (level 17, -3/115 HPs)
             Began as a Tengu Monk on Sept 29, 2023.
             Was the Champion of Hepliaklqana.
             Blown up by an orb spider (39 damage)
             ... with a wavering orb of destruction
             ... on level 2 of the Spider Nest.
             The game lasted 00:49:51 (19666 turns).

Aneyh the Slayer (Tengu Monk)                      Turns: 19666, Time: 00:49:51

Health: -3/115     AC:  8    Str: 32    XL:     17   Next: 1%
Magic:  18/18      EV: 37    Int:  9    God:    Hepliaklqana [******]
Gold:   1513       SH:  0    Dex: 19    Spells: 16/16 levels left

rFire   x . .        b - +16 obsidian axe {drain, demonic, Mesm Drain Fly SInv}
rCold   . . .        (no shield)
rNeg    . . .        O - +1 robe "Risk" {rElec Will+ Dex+3 Slay+3}
rPois   +            L - +0 hat
rElec   +            (no cloak)
rCorr   .            D - +0 pair of gloves
SInv    +            (boots unavailable)
Will    +++..        J - amulet "Cav Yth" {Will+ Regen+}
Stlth   ++           j - +4 ring of protection
HPRegen 1.19/turn    o - ring "Xerihaesk" {rPois rF- EV+5 Str+8}
MPRegen 0.16/turn

%: acrobat
@: acrobatic, flying, mesmerised, studying Fire Magic
A: reduced essence, beak, talons 3, evasive flight, acrobatic, mutation
resistance 1, strong 1
a: Renounce Religion, Recall Ancestor, Ancestor Identity, Transference, Idealise


You were on level 2 of the Spider Nest.
You worshipped Hepliaklqana.
Hepliaklqana was exalted by your worship.
You visited 3 branches of the dungeon, and saw 18 of its levels.
You also visited: Bailey and Gauntlet.

You collected 1513 gold pieces.

Inventory:

Hand Weapons
 a - a +1 halberd of protection
 b - the +16 obsidian axe (weapon) {drain, demonic, Mesm Drain Fly SInv}
   (You took it off a minotaur in a Gauntlet)

   Mesm:      Its wielder is mesmerised by any visible foes, and it cannot be
   unequipped while any foes are visible.
   SInv:      It lets you see invisible.
   Fly:       It grants you flight.
   Drain:     It drains your maximum health when unequipped.
 H - a +0 orcbow of freezing
 S - a +0 trident of venom
Missiles
 F - 26 boomerangs
 Q - 6 silver javelins
 W - 8 javelins (quivered)
Armour
 D - a +0 pair of gloves (worn)
 L - a +0 hat (worn)
 O - the +1 robe "Risk" (worn) {rElec Will+ Dex+3 Slay+3}
   (You found it on level 3 of the Dungeon)

   Dex+3:     It affects your dexterity (+3).
   Slay+3:    It affects your accuracy & damage with ranged weapons and melee
   (+3).
   rElec:     It insulates you from electricity.
   Will+:     It increases your willpower.
Jewellery
 g - a +6 ring of dexterity
 j - a +4 ring of protection (left hand)
 l - an amulet of magic regeneration
 o - the ring "Xerihaesk" (right hand) {rPois rF- EV+5 Str+8}
   (You found it on level 2 of the Dungeon)

   [ring of evasion]

   EV+5:      It affects your evasion (+5).
   Str+8:     It affects your strength (+8).
   rF-:       It makes you vulnerable to fire.
   rPois:     It protects you from poison
 t - a ring of positive energy
 u - a +5 ring of evasion
 w - the ring of Ruroikim {rC++ Int+2 Dex-5 Slay+4}
   (You took it off a minotaur in a Gauntlet)

   [ring of slaying]

   Int+2:     It affects your intelligence (+2).
   Dex-5:     It affects your dexterity (-5).
   Slay+4:    It affects your accuracy & damage with ranged weapons and melee
   (+4).
   rC++:      It greatly protects you from cold.
 J - the amulet "Cav Yth" (around neck) {Will+ Regen+}
   (You acquired it on level 1 of the Lair of Beasts)

   [amulet of regeneration]

   Will+:     It increases your willpower.
   Regen+:    It increases your rate of health regeneration.
 N - a ring of resist corrosion
 P - the ring "Teryqeapn" {Ice rPois rN+ Int+2}
   (You found it in a Gauntlet)

   [ring of ice]

   Ice:       It enhances your ice magic.
   Int+2:     It affects your intelligence (+2).
   rF-:       It makes you vulnerable to fire.
   rC+:       It protects you from cold.
   rPois:     It protects you from poison rN+: It protects you from negative
   energy.
 R - the ring of Qefoc {rN+ Int+3}
   (You found it on level 9 of the Dungeon)

   [ring of positive energy]

   Int+3:     It affects your intelligence (+3).
   rN+:       It protects you from negative energy.
 Z - the ring of Esedo {rF+ rCorr}
   (You found it in a bailey)

   [ring of resist corrosion]

   rF+:       It protects you from fire.
   rCorr:     It protects you from acid and corrosion.
Wands
 m - a wand of acid (10)
 y - a wand of polymorph (4)
 A - a wand of paralysis (36)
 C - a wand of flame (11)
 G - a wand of mindburst (5)
 M - a wand of roots (9)
Scrolls
 d - a scroll of revelation
 e - 2 scrolls of enchant armour {unknown}
 f - a scroll of brand weapon {unknown}
 h - 3 scrolls of butterflies
 i - 14 scrolls of teleportation
 k - 2 scrolls of fear
 n - 3 scrolls of poison
 x - a scroll of immolation
 B - 2 scrolls of blinking
 T - 2 scrolls of enchant weapon
Potions
 c - 2 potions of ambrosia
 p - 3 potions of mutation
 q - a potion of haste
 r - 4 potions of enlightenment
 s - 8 potions of curing
 v - a potion of invisibility
 z - a potion of cancellation
 E - a potion of berserk rage {unknown}
 I - 5 potions of resistance
 K - 2 potions of brilliance
 U - a potion of degeneration {unknown}
 X - 3 potions of might
 Y - a potion of magic {unknown}
Miscellaneous
 V - a sack of spiders


   Skills:
 * Level 22.0 Fighting
 + Level 10.0(14.5) Axes
 - Level 16.7(17.7) Polearms
 - Level 3.3 Dodging


You had 16 spell levels left.
You didn't know any spells.
Your spell library contained the following spells:

 Spells                   Type           Power      Damage    Failure   Level
 Apportation              Tloc           0%         N/A       38%         1
 Freeze                   Ice            0%         1d3       38%         1
 Magic Dart               Conj           0%         1d3       38%         1
 Necrotise                Necr           0%         1d4       38%         1
 Summon Small Mammal      Summ           0%         N/A       38%         1
 Blink                    Tloc           0%         N/A       52%         2
 Lesser Beckoning         Tloc           0%         N/A       52%         2
 Momentum Strike          Conj/Tloc      0%         3d8       52%         2
 Poisonous Vapours        Pois/Air       0%         N/A       52%         2
 Searing Ray              Conj           0%         2d4       52%         2
 Frozen Ramparts          Ice            0%         1d1       77%         3
 Gell's Gravitas          Tloc           0%         N/A       77%         3
 Hailstorm                Conj/Ice       0%         3d3       77%         3
 Mephitic Cloud           Conj/Pois/Air  0%         N/A       77%         3
 Teleport Other           Tloc           0%         N/A       77%         3
 Tukima's Dance           Hex            0%         N/A       77%         3
 Dimensional Bullseye     Hex/Tloc       0%         N/A       99%         4
 Fulminant Prism          Conj/Hex       0%         3d5       99%         4
 Iskenderun's Mystic Bla  Conj/Tloc      0%         2d3       99%         4
 Freezing Cloud           Conj/Ice/Air   0%         6-21      100%        5
 Iskenderun's Battlesphe  Conj           0%         2d6       100%        5
 Bombard                  Conj/Erth      0%         9d1       100%        6
 Conjure Ball Lightning   Conj/Air       0%         3x3d6     100%        6
 Spellforged Servitor     Conj/Summ      0%         N/A       100%        7
 Discord                  Hex            0%         N/A       100%        8
 Disjunction              Tloc           0%         N/A       100%        8


Dungeon Overview and Level Annotations

Branches:
Dungeon (11/15)            Temple (0/1) D:6            Lair (5/5) D:11
  Swamp (0/4) Lair:3       Spider (2/4) Lair:3        Slime (0/5) Lair:5
    Orc (0/2) D:11         Bailey (visited)         Gauntlet (visited)

Altars:
Cheibriados
Fedhas
Hepliaklqana
Kikubaaqudgha
Qazlal
Ru
Sif Muna
Trog
Vehumet
Yredelemnul
Zin
Jiyva

Shops:
D:10 *

Annotations:
D:10 1 runed translucent door, GreenGuy14's ghost, novice MiFi
D:11 exclusion: oklob plant
Lair:2 2 transporters, Cemyn's ghost, journeyman DrSh


Innate Abilities, Weirdness & Mutations

Your life essence is reduced to manifest your ancestor. (-10% HP)
You have a beak for a mouth.
You have claws for feet.
Your magical flight helps you evade attacks. (EV +4)
You can magically evade attacks while moving or waiting.
You are somewhat resistant to further mutation.
Your muscles are strong. (Str +4, Int/Dex -1)


Message History

Visions of slaying the boulder beetle flood into your mind.
The orb spider weaves a glowing orb of energy.
The boulder beetle hits you.
* * * LOW HITPOINT WARNING * * *
The boulder beetle stops rolling and uncurls.
Your neqoxec completely misses the orb spider.
An orb of destruction comes into view.
You chop the boulder beetle into pieces!!!
You break out of your daze!
You kill the boulder beetle!
A freezing mist starts to gather...
A boulder beetle simulacrum comes into view.
Visions of slaying the boulder beetle simulacrum flood into your mind.
The orb spider's soul is no longer bound.
Your base Axes skill increases to level 10!
You have reached level 17!
The orb of destruction hits a rock wall.
The orb spider spins a strand of pure energy.
Your neqoxec hits the orb spider!
You see here 6 stones.
Your neqoxec barely misses the orb spider.
The boulder beetle simulacrum completely misses you.
You slice the boulder beetle simulacrum!!
You claw the boulder beetle simulacrum, but do no damage.
The boulder beetle simulacrum is heavily damaged.
Your neqoxec hits the orb spider.
The boulder beetle simulacrum completely misses you.
You slash the boulder beetle simulacrum!
The boulder beetle simulacrum is almost destroyed.
Your neqoxec hits the orb spider!
The boulder beetle simulacrum bites you but does no damage.
You slice the boulder beetle simulacrum!!
You are no longer entranced.
The boulder beetle simulacrum vaporises!
Visions of slaying the orb spider flood into your mind.
The orb spider weaves a glowing orb of energy.
An orb of destruction comes into view.
Your neqoxec hits the orb spider!
The wavering orb of destruction hits you!!!
You die...

#††^...##.....^..# #...#.
.†####.#.........##.#....
................##.......
††...#.......#.##........
#.....#....|.....††......
......####...............
.......##........°..#..##
.......##......†...## ##
........#####..†@(.#
...#...... #..s○.###
...#..........3.##
.....##........... ...##.
.........#..^ #..#
.............#s. ###
.....#......# .
...........##
..#.........


You could see an orb spider (mesmerising, ally target) and a friendly neqoxec
(summoned).

Vanquished Creatures
  Kirke (Lair:3)
  2 ghost moths
  An orc warlord (Bailey)
  A broodmother (Spider:2)
  A minotaur (Gauntlet)
  2 spark wasps (Spider:2)
  Josephine (Lair:5)
  A hell beast (Gauntlet)
  An ice dragon (Lair:4)
  3 boulder beetles
  A hydra (Lair:3)
  9 two-headed ogres
  3 death yaks (Lair:5)
  A death scarab (Spider:2)
  A demonic crawler (Spider:1)
  2 pharaoh ants
  An orb spider (Spider:2)
  2 lindwurms (Lair:5)
  4 steelbarb worms
  8 wolf spiders
  An orc knight (D:11)
  A manticore (D:11)
  An oklob plant (Gauntlet)
  Maurice (D:8)
  4 torpor snails
  10 elephants
  14 cane toads
  An apocalypse crab (Gauntlet)
  An unseen horror zombie (D:10)
  11 black mambas
  4 rime drakes
  5 komodo dragons
  A minotaur zombie (Gauntlet)
  3 kobold demonologists
  A polar bear (Lair:2)
  Prince Ribbit (D:8)
  5 trolls
  4 tarantellas
  10 blink frogs
  2 hornets
  A spectral dream sheep (Gauntlet)
  3 dream sheep (Lair:5)
  5 jumping spiders
  A vampire (D:9)
  9 culicivoras
  5 wraiths
  44 yaks
  A slime creature (Lair:5)
  A hog (Lair:4)
  3 wyverns
  11 redbacks
  2 steam dragons
  3 basilisks
  4 swamp worms (Lair:3)
  6 wargs (D:11)
  An acid dragon (Gauntlet)
  15 water moccasins
  A hell hound (Gauntlet)
  2 black bears
  10 orc warriors
  15 wolves
  2 ogres
  3 centaurs
  A kobold brigand (D:11)
  3 necrophages (D:4)
  8 bullfrogs
  5 gnoll sergeants
  A water moccasin zombie (D:4)
  4 scorpions
  10 wights
  A vampire bat (D:5)
  13 howler monkeys
  5 electric eels
  A crimson imp (Gauntlet)
  A jelly (Lair:5)
  4 hounds
  12 orc priests
  A human zombie (D:4)
  4 gnoll boudas
  2 sleepcaps (D:5)
  21 orc wizards
  4 iguanas
  4 mummies
  2 howler monkey zombies
  10 gnolls
  7 adders
  A shadow imp (D:5)
  4 white imps
  An ufetubus (D:5)
  2 adder zombies (D:4)
  3 worms
  A dart slug (D:4)
  A fire bat (D:5)
  21 orcs
  2 spectral bats (D:5)
  16 bats
  3 bat skeletons (D:5)
  A bat zombie (D:5)
  5 endoplasms
  3 giant cockroaches
  11 hobgoblins
  4 jackals (D:1)
  4 quokkas
  14 ball pythons
  A bat simulacrum (D:5)
  6 frilled lizards
  11 goblins
  13 kobolds
  5 rats
532 creatures vanquished.

Vanquished Creatures (collateral kills)
  A hydra (Lair:5)
  A jorogumo (Spider:2)
  A two-headed ogre (D:11)
  A bog body (Lair:3)
  3 wolf spiders
  An elephant (Lair:5)
  3 cane toads (Lair:5)
  A komodo dragon (Lair:3)
  2 tarantellas
  2 blink frogs
  2 culicivoras (Spider:1)
  5 jumping spiders
  9 yaks
  A wyvern (Lair:3)
  Grum (D:8)
  A basilisk (Lair:5)
  A hog (Lair:3)
  5 redbacks
  4 wargs (D:11)
  A water moccasin (Lair:1)
  An acid dragon (D:8)
  A hell hound (Gauntlet)
  2 orc warriors
  5 wolves
  2 kobold brigands (D:11)
  2 bullfrogs (Lair:4)
  A scorpion (D:11)
  A howler monkey (D:11)
  A hound (D:5)
  2 jellies (Lair:5)
  2 orc priests (D:11)
  A sleepcap (D:5)
  An orc wizard (D:9)
  2 gnolls (D:9)
  2 white imps (Lair:4)
  2 fire bats (D:5)
  4 orcs
  A goblin (D:10)
  2 hobgoblins (Bailey)
  A bat (D:5)
  3 kobolds (Bailey)
  A butterfly (Lair:2)
86 creatures vanquished.

Vanquished Creatures (others)
  A human (Lair:3)
  6 knights
7 creatures vanquished.

Grand Total: 625 creatures vanquished

Notes
Turn   | Place    | Note
-------+----------+-------------------------------------------
     0 | D:1      | Aneyh the Tengu Monk began the quest for the Orb.
     0 | D:1      | Reached XP level 1. HP: 14/14 MP: 2/2
   132 | D:1      | Reached XP level 2. HP: 14/19 MP: 3/3
   375 | D:1      | Reached XP level 3. HP: 23/23 MP: 4/4
   816 | D:2      | Reached skill level 5 in Polearms
   821 | D:2      | Identified the ring "Xerihaesk" {rPois rF- EV+5 Str+8}
   941 | D:2      | Reached XP level 4. HP: 26/28 MP: 5/5
  1666 | D:3      | Found a sacrificial altar of Ru.
  2209 | D:3      | Identified the +1 robe "Risk" {rElec Will+ Dex+3 Slay+3}
  2398 | D:4      | Reached XP level 5. HP: 32/32 MP: 6/6
  2854 | D:4      | Reached XP level 6. HP: 37/37 MP: 7/7
  3174 | D:4      | Gained mutation: Your magical flight helps you evade
                  | attacks. (EV +4) [Tengu growth]
  3174 | D:4      | Reached XP level 7. HP: 33/41 MP: 8/8
  3221 | D:4      | Found an ancient bone altar of Kikubaaqudgha.
  3309 | D:4      | Found a stormy altar of Qazlal.
  3314 | D:4      | Found a hazy altar of Hepliaklqana.
  3322 | D:4      | Became a worshipper of Hepliaklqana the Forgotten
  3322 | D:4      | Reached * piety under Hepliaklqana
  3322 | D:4      | Reached ** piety under Hepliaklqana
  3323 | D:4      | Remembered your ancestor Nindada as a knight
  3328 | D:4      | Found a shimmering blue altar of Sif Muna.
  3382 | D:5      | Entered Level 5 of the Dungeon
  3602 | D:5      | Found a bloodstained altar of Trog.
  3694 | D:5      | Reached skill level 10 in Polearms
  3747 | D:5      | Reached XP level 8. HP: 41/41 MP: 9/9
  4208 | D:5      | Identified the +0 quarterstaff of Eternal Harmony {freeze,
                  | rElec Str+2}
  4521 | D:6      | Found a snail-covered altar of Cheibriados.
  4680 | D:6      | Found a glowing silver altar of Zin.
  4680 | D:6      | Noticed an angel
  4740 | D:6      | Found a staircase to the Ecumenical Temple.
  4758 | D:6      | Reached XP level 9. HP: 45/45 MP: 10/10
  5106 | D:6      | Found a radiant altar of Vehumet.
  5112 | D:6      | Reached *** piety under Hepliaklqana
  5532 | D:7      | HP: 1/45 [orc priest/divine providence (11)]
  6268 | D:8      | Reached skill level 4 in Fighting
  6275 | D:8      | Reached skill level 5 in Fighting
  6287 | D:8      | Reached skill level 6 in Fighting
  6287 | D:8      | Reached XP level 10. HP: 28/54 MP: 11/11
  6287 | D:8      | Noticed Grum
  6308 | D:8      | Killed Grum
  6309 | D:8      | Reached skill level 7 in Fighting
  6436 | D:8      | Noticed Maurice
  6447 | D:8      | Killed Maurice
  6448 | D:8      | Reached skill level 8 in Fighting
  6507 | D:8      | Noticed Prince Ribbit
  6515 | D:8      | Killed Prince Ribbit
  6538 | D:8      | Reached skill level 9 in Fighting
  6904 | D:8      | Reached skill level 10 in Fighting
  6904 | D:8      | Reached **** piety under Hepliaklqana
  7229 | D:9      | Identified the ring of Qefoc {rN+ Int+3}
  7463 | D:9      | Reached skill level 11 in Fighting
  7463 | D:9      | Reached XP level 11. HP: 61/66 MP: 12/12
  7868 | D:10     | Entered Level 10 of the Dungeon
  7868 | D:10     | Noticed a two-headed ogre
  7873 | D:10     | Killed a two-headed ogre
  7902 | D:10     | Found Olophu's Assorted Antiques.
  8071 | D:10     | Found a flagged portal.
  8092 | Bailey   | Entered a bailey
  8096 | Bailey   | Reached ***** piety under Hepliaklqana
  8097 | Bailey   | Noticed an orc warlord
  8180 | Bailey   | Found a runed translucent gate.
  8182 | Bailey   | Found a runed translucent gate.
  8184 | Bailey   | Found a runed translucent gate.
  8284 | Bailey   | Killed an orc warlord
  8285 | Bailey   | Reached skill level 12 in Fighting
  8311 | Bailey   | Identified the ring of Esedo {rF+ rCorr}
  8330 | Bailey   | Identified the +1 great sword of Saegug {freeze, *Noise rN+
                  | Dex+2}
  8529 | D:10     | Noticed a two-headed ogre
  8549 | D:10     | Killed a two-headed ogre
  8550 | D:10     | Reached skill level 13 in Fighting
  8714 | D:10     | Noticed a two-headed ogre
  8718 | D:10     | Killed a two-headed ogre
  9095 | D:10     | Found a basalt altar of Yredelemnul.
  9140 | D:10     | Found a runed translucent door.
  9144 | D:10     | Noticed GreenGuy14's ghost (novice MiFi)
  9330 | D:11     | Found a staircase to the Lair.
  9331 | D:11     | Noticed a two-headed ogre
  9483 | D:11     | Reached skill level 14 in Fighting
  9485 | D:11     | Killed a two-headed ogre
  9534 | D:11     | Reached XP level 12. HP: 77/77 MP: 13/13
  9727 | D:11     | Noticed a soul eater
  9775 | D:11     | Noticed a boulder beetle
  9801 | D:11     | Killed a boulder beetle
  9802 | D:11     | Reached skill level 15 in Fighting
  9858 | D:11     | Noticed a two-headed ogre
  9870 | D:11     | Killed a two-headed ogre
  9978 | D:11     | Noticed a two-headed ogre
  9987 | D:11     | Killed a two-headed ogre
 10014 | D:11     | Noticed a soul eater
 10072 | D:11     | Noticed a two-headed ogre
 10145 | D:10     | Killed a two-headed ogre
 10209 | D:11     | Found a staircase to the Orcish Mines.
 10254 | D:11     | Reached skill level 16 in Fighting
 10283 | D:11     | Noticed a two-headed ogre
 10312 | D:11     | Killed a two-headed ogre
 10320 | D:11     | Noticed a two-headed ogre
 10326 | D:11     | Killed a two-headed ogre
 10560 | D:11     | Noticed a two-headed ogre
 10569 | D:11     | Killed a two-headed ogre
 10570 | D:11     | Reached skill level 15 in Polearms
 10570 | D:11     | Reached XP level 13. HP: 85/85 MP: 14/14
 11002 | D:11     | Found a blossoming altar of Fedhas.
 11080 | Lair:1   | Entered Level 1 of the Lair of Beasts
 11221 | Lair:1   | Reached skill level 17 in Fighting
 11698 | Lair:1   | Identified a scroll of acquirement
 11699 | Lair:1   | Acquired the amulet "Cav Yth" {Will+ Regen+}
 11707 | Lair:1   | Reached XP level 14. HP: 92/92 MP: 15/15
 11711 | Lair:1   | Gained mutation: You are weak. (Str -2) [potion of
                  | mutation]
 11711 | Lair:1   | Gained mutation: You are partially covered in iridescent
                  | scales. (AC +2) [potion of mutation]
 11712 | Lair:1   | Lost mutation: You are weak. (Str -2) [potion of mutation]
 11712 | Lair:1   | Lost mutation: You are partially covered in iridescent
                  | scales. (AC +2) [potion of mutation]
 11712 | Lair:1   | Gained mutation: You are somewhat resistant to further
                  | mutation. [potion of mutation]
 11712 | Lair:1   | Gained mutation: Your muscles are strong. (Str +4, Int/Dex
                  | -1) [potion of mutation]
 11988 | Lair:2   | Reached skill level 18 in Fighting
 12027 | Lair:2   | Found a transporter.
 12027 | Lair:2   | Found a transporter.
 12214 | Lair:2   | Found a gate leading to a gauntlet.
 12229 | Gauntlet | Entered a Gauntlet
 12229 | Gauntlet | Found a transporter.
 12244 | Gauntlet | Found a transporter.
 12245 | Gauntlet | Found a transporter.
 12249 | Gauntlet | Found a transporter.
 12253 | Gauntlet | Found a transporter.
 12256 | Gauntlet | Found a transporter.
 12257 | Gauntlet | Found a transporter.
 12269 | Gauntlet | Found a transporter.
 12270 | Gauntlet | Found a transporter.
 12270 | Gauntlet | Found a transporter.
 12277 | Gauntlet | Found a runed translucent door.
 12279 | Gauntlet | Found a transporter.
 12282 | Gauntlet | Found a transporter.
 12283 | Gauntlet | Found a transporter.
 12291 | Gauntlet | Found a transporter.
 12696 | Gauntlet | Identified the ring "Teryqeapn" {Ice rPois rN+ Int+2}
 12734 | Gauntlet | Identified the ring of Ruroikim {rC++ Int+2 Dex-5 Slay+4}
 12740 | Gauntlet | Reached skill level 19 in Fighting
 12740 | Gauntlet | Reached XP level 15. HP: 74/99 MP: 16/16
 13004 | Lair:2   | Noticed Cemyn's ghost (journeyman DrSh)
 13090 | Lair:2   | Reached ****** piety under Hepliaklqana
 13809 | Lair:3   | Reached skill level 20 in Fighting
 14027 | Lair:3   | Reached skill level 1 in Axes
 14283 | Lair:3   | Found a staircase to the Swamp.
 14654 | Lair:3   | Found a hole to the Spider Nest.
 14936 | Lair:4   | Reached XP level 16. HP: 53/108 MP: 15/17
 15310 | Lair:4   | Noticed Kirke
 15334 | Lair:3   | Killed Kirke
 16144 | Lair:5   | Entered Level 5 of the Lair of Beasts
 16163 | Lair:5   | Reached skill level 21 in Fighting
 16332 | Lair:5   | Noticed Josephine
 16340 | Lair:5   | Killed Josephine
 16873 | Lair:5   | Found a viscous altar of Jiyva.
 16874 | Lair:5   | Found a staircase to the Slime Pits.
 17956 | Spider:1 | Entered Level 1 of the Spider Nest
 18198 | Spider:1 | Reached skill level 22 in Fighting
 18941 | Spider:1 | Reached skill level 5 in Axes
 19661 | Spider:2 | Reached skill level 10 in Axes
 19661 | Spider:2 | Reached XP level 17. HP: 29/115 MP: 18/18
 19666 | Spider:2 | Blown up by an orb spider

Illustrated notes

Levels and vault maps discovered:
D:1:      lightli_iron_boxes, layout_basic, serial_bayou_ford_a
D:2:      layout_basic
D:3:      layout_basic, nicolae_ru_awakened_eye
D:4:      layout_gridville, minmay_overflow_temple_star_quad,
          lemuel_mausoleum_altar_kikubaaqudgha
D:5:      layout_basic, mainiacjoe_overflow_alcove_1, goddamned_bats
D:6:      layout_basic, slow_altar_2, nicolae_vehumet_altar_sigil, zin_angel,
          minmay_temple_entry_tees
D:7:      layout_basic
D:8:      layout_loops_ring, uniq_prince_ribbit1, uniq_grum, uniq_maurice
D:9:      layout_small_grid
D:10:     layout_roguey, lemuel_zombie_altar_yredelemnul, enter_bailey_5,
          ebering_ghost_reflecting_pool, serial_shops, shop,
          minmay_misc_feat_rugged, billiards_dpeg
D:11:     lemuel_castle_with_subvaults [lemuel_castle_interior_carwin_1],
          layout_irregular_city, due_lair_maze_entry_diamond, orc_0_dummy,
          nicolae_trove_entry_columns, tgw_fedhas
Lair:1:   layout_gridlike, grunt_megastairs_2, serial_bayou_shore_a
Lair:2:   layout_layer_cave, gauntlet_entry_generic, gammafunk_ghost_hive,
          dreamdust_mushroom_princess, chequers_serial_rivers_small_a,
          serial_bayou_lagoon_a, infiniplex_staircase_pool_2,
          lemuel_fruit_fields
Lair:3:   layout_regular_city, nicolae_swamp_entry_splash_gauntlet,
          spider_nest_entry_funnel_web, nicolae_quartered_pool_super,
          kennysheep_catoblepas_arena
Lair:4:   layout_layer_cave, bobbens_ice_dragon_lair, uniq_kirke
Lair:5:   hangedman_lair_in_review, layout_small_grid,
          minmay_slime_entry_pillars, uniq_josephine
Spider:1: layout_spider_delve
Spider:2: layout_spider_delve, nicolae_spider_some_kinda_spiderbox

Skill      XL: |  1  2  3  4  5  6  7  8  9 10 11 12 13 14 15 16 |
---------------+-------------------------------------------------+-----
Polearms       | 4 5 6 7 8 10 12 14 15 16 | 16.7
Fighting       | 6 11 14 16 17 19 20 22 | 22.0
Axes           | 2 10 | 10.0
Dodging        | |  3.3

Action                     |  1- 3 |  4- 6 |  7- 9 | 10-12 | 13-15 | 16-18 || total
---------------------------+-------+-------+-------+-------+-------+-------++-------
  Melee: Spear             |    79 |    45 |       |       |       |       ||   124
         Kick              |    17 |    25 |    60 |   123 |   109 |    87 ||   421
         Peck              |     6 |    14 |    22 |    59 |    57 |    50 ||   208
         Trident           |       |    78 |   147 |       |       |       ||   225
         Punch             |       |       |     3 |       |       |       ||     3
         Halberd           |       |       |    86 |   470 |   375 |   179 ||  1110
         Broad axe         |       |       |       |       |       |   107 ||   107
  Throw: Javelin           |       |       |       |       |     4 |     2 ||     6
 Invoke: Ancestor Life: Kn |       |       |     1 |       |       |       ||     1
         Recall Ancestor   |       |       |       |     1 |     2 |     2 ||     5
    Use: Potion            |       |       |     1 |     1 |    10 |     2 ||    14
         Scroll            |       |       |       |    12 |     7 |     4 ||    23
   Stab: Sleeping          |     3 |     6 |    11 |     2 |     3 |     2 ||    27
         Distracted        |       |       |     3 |     1 |     2 |     5 ||    11
 Armour: Leather armour    |    16 |     8 |       |       |       |       ||    24
         Robe              |       |    15 |    30 |    92 |   109 |   138 ||   384
  Dodge: Dodged            |    28 |    53 |   136 |   283 |   207 |   218 ||   925

Table legend: (Time is in decaauts)
 A = Elapsed time spent in this place.
 B = Non-inter-level travel time spent in this place.
 C = Inter-level travel time spent in this place.
 D = Time resting spent in this place.
 E = Time spent auto-exploring this place.
 F = Levels seen in this place.
 G = Mean time per level.
                   A        B        C        D        E       F      G
               +--------+--------+--------+--------+--------+-----+--------+
         Total |  19318 |  18500 |    818 |   2693 |  11631 |  20 |  965.9 |
       Dungeon |  10608 |  10094 |    514 |    561 |   7450 |  11 |  964.4 |
          Lair |   6270 |   5986 |    284 |   1080 |   3732 |   5 | 1254.0 |
   Spider Nest |   1489 |   1469 |     20 |    695 |    312 |   2 |  744.5 |
        Bailey |    282 |    282 |      0 |     57 |      4 |   1 |  282.0 |
      Gauntlet |    666 |    666 |      0 |    300 |    132 |   1 |  666.0 |
               +--------+--------+--------+--------+--------+-----+--------+

Top non-repeatable levels by time:
  Lair:5: 1695 daAuts
    D:11: 1543 daAuts
  Lair:3: 1431 daAuts
    D:10: 1285 daAuts
  Lair:4: 1261 daAuts
Spider:1: 1225 daAuts
     D:6: 1035 daAuts
  Lair:2: 1022 daAuts
     D:4: 1000 daAuts
     D:8: 970 daAuts
     D:5: 942 daAuts
  Lair:1: 859 daAuts
     D:3: 835 daAuts
     D:7: 784 daAuts
     D:1: 772 daAuts
